[Event "Titled Tuesday Blitz March 22 Late 2022"]
[White "Deac, Bogdan-Daniel"]
[Black "Szpar, Milosz"]
[WhiteFideId "1226380"]
[BlackFideId "1184989"]
[WhiteElo "2646"]
[BlackElo "2447"]
[Result "1-0"]
[Round "03"]
[TimeControl "180+1"]
[Date "2022.03.22"]
[WhiteClock "0:00:04"]
[BlackClock "0:00:02"]

1. d4 Nf6 2. c4 c5 3. Nf3 g6 4. g3 Bg7 5. Bg2 O-O 6. Nc3 d6 7. O-O Nc6 8. e3 Bg4 9. h3 Bxf3 10. Bxf3 Nd7 11. Ne2 Qb6 12. dxc5 Nxc5 13. Nf4 e6 14. Rb1 a5 15. b3 Rfd8 16. Bb2 Ne5 17. Bg2 Qc7 18. Ne2 Ncd3 19. Ba1 Nb4 20. Nc3 Qe7 21. a3 Nbc6 22. Qe2 Nd7 23. Rfd1 Nc5 24. Qc2 h5 25. h4 Bf6 26. Nb5 Ne5 27. b4 axb4 28. axb4 Na4 29. Bd4 Nc6 30. Bxf6 Qxf6 31. Rxd6 Rxd6 32. Nxd6 Nc3 33. Ne4 Nxe4 34. Bxe4 Ra1 35. Bxc6 bxc6 36. b5 Ra8 37. b6 c5 38. b7 Rb8 39. Qa4 Kg7 40. Qa7 Qf5 41. Qxb8 Qxb1+ 42. Kh2 Qb2 43. Kg2 Qb6 44. Qe5+ f6 45. b8=Q Qc6+ 46. e4 fxe5 47. Qxe5+ Kf7 48. Qf4+ Kg7 49. Qe5+ Kf7 50. Kf3 Qb6 51. Kf4 Qa7 52. Qd6 1-0


[Site "https://www.chess.com"]

[Event "Titled Tuesday Blitz March 22 Late 2022"]
[White "Dilanyan, Grigor"]
[Black "Zhigalko, Sergei"]
[WhiteFideId "13303570"]
[BlackFideId "13502956"]
[WhiteElo "2279"]
[BlackElo "2662"]
[Result "0-1"]
[Round "03"]
[TimeControl "180+1"]
[Date "2022.03.22"]
[WhiteClock "0:00:06"]
[BlackClock "0:00:27"]

1. e4 c5 2. Nc3 Nc6 3. Bb5 Nd4 4. Bc4 e6 5. Nge2 Qc7 6. O-O Nf6 7. d3 a6 8. Nxd4 cxd4 9. Ne2 Nxe4 10. Nxd4 Nf6 11. Bb3 b6 12. Bg5 Bb7 13. Re1 Bc5 14. Nf5 Bxf2+ 15. Kxf2 Qc5+ 16. Be3 Qxf5+ 17. Kg1 b5 18. Qd2 O-O 19. Bd4 Qg6 20. Rf1 Nd5 21. Rae1 Rac8 22. Rf3 f6 23. Rg3 Qf7 24. Rf1 Kh8 25. a4 Ne7 26. a5 Bd5 27. Bxd5 Nxd5 28. b3 d6 29. c4 Ne7 30. Qb4 Nf5 31. Rg4 Nxd4 32. Rxd4 Qa7 33. Qxd6 Rfd8 0-1


[Site "https://www.chess.com"]

[Event "Titled Tuesday Blitz March 22 Late 2022"]
[White "Do Valle Cardoso, Lucas"]
[Black "Rosenberg, Evan S"]
[WhiteFideId "2163144"]
[BlackFideId "2019299"]
[WhiteElo "2331"]
[BlackElo "2335"]
[Result "1-0"]
[Round "03"]
[TimeControl "180+1"]
[Date "2022.03.22"]
[WhiteClock "0:00:49"]
[BlackClock "0:00:11"]

1. e4 e5 2. Nf3 Nc6 3. Bb5 Nf6 4. O-O Nxe4 5. d4 Nd6 6. Bxc6 dxc6 7. dxe5 Nf5 8. Qxd8+ Kxd8 9. Nc3 Ne7 10. h3 Ng6 11. Rd1+ Ke8 12. Be3 Be7 13. Bg5 Be6 14. Bxe7 Kxe7 15. Rd2 Rad8 16. Rad1 Rxd2 17. Rxd2 h6 18. b3 b6 19. Kh2 a6 20. Kg3 c5 21. h4 Rd8 22. Re2 Bf5 23. h5 Nf8 24. Nh4 Bh7 25. f4 Ne6 26. Rf2 Nd4 27. f5 f6 28. exf6+ Kxf6 29. Ne4+ Ke5 30. Nd2 Nxf5+ 31. Nxf5 Bxf5 32. Nf3+ Kd6 33. Ng5 Be6 34. Rd2+ 1-0


[Site "https://www.chess.com"]

[Event "Titled Tuesday Blitz March 22 Late 2022"]
[White "Dobrov, Vladimir"]
[Black "Jaferian, Koosha"]
[WhiteFideId "4136594"]
[BlackFideId "12507440"]
[WhiteElo "2614"]
[BlackElo "2030"]
[Result "0-1"]
[Round "03"]
[TimeControl "180+1"]
[Date "2022.03.22"]
[WhiteClock "0:00:04"]
[BlackClock "0:00:04"]

1. d4 f5 2. e4 fxe4 3. Nc3 Nf6 4. Bg5 g6 5. Bc4 c6 6. f3 d5 7. Bb3 exf3 8. Nxf3 Bg7 9. O-O O-O 10. Qe1 Bf5 11. Qh4 Nbd7 12. Rae1 e6 13. Ne5 Qb6 14. g4 Qxd4+ 15. Qf2 Qxf2+ 16. Rxf2 Bxg4 17. Nxg4 Nxg4 18. Rxf8+ Nxf8 19. Kg2 Re8 20. Na4 b6 21. c4 dxc4 22. Bxc4 b5 23. Be2 Nf6 24. Nc5 Nd5 25. Bg4 Bxb2 26. h4 Bf6 27. Bd2 Bxh4 28. Rc1 Bf6 29. Ne4 Rc8 30. Be2 Be7 31. Bxb5 Bb4 32. Bh6 c5 33. Bc4 Rd8 34. Rf1 Nd7 35. Ng5 Ne5 36. Bxd5 exd5 37. Rf6 Nd7 38. Rd6 d4 39. Rd5 Ba5 40. Ne4 Nf6 41. Nxf6+ Kf7 42. Rxd8 Bxd8 43. Ne4 Be7 44. Nd2 Ke6 45. Kf3 Kd5 46. Bg7 c4 47. Ne4 c3 48. Nf2 Kc4 49. Ke2 h5 50. Nd3 h4 51. Ne5+ Kd5 52. Nxg6 Bg5 53. Ne5 Ke4 54. Nf3 d3+ 55. Kf2 Be3+ 56. Kg2 d2 0-1


[Site "https://www.chess.com"]

[Event "Titled Tuesday Blitz March 22 Late 2022"]
[White "Domingo Nunez, Alejandro"]
[Black "Melaugh, Shane"]
[WhiteFideId "22245561"]
[BlackFideId "2509580"]
[WhiteElo "2215"]
[BlackElo "2014"]
[Result "1-0"]
[Round "03"]
[TimeControl "180+1"]
[Date "2022.03.22"]
[WhiteClock "0:02:00"]
[BlackClock "0:00:15"]

1. Nf3 Nc6 2. e4 e5 3. Bc4 Nf6 4. d3 h6 5. O-O Bc5 6. c3 d6 7. Bb3 a5 8. Nbd2 O-O 9. h3 Ba7 10. Re1 Ne7 11. Nf1 Ng6 12. Ng3 Be6 13. Bc2 c6 14. d4 Qc7 15. Nf5 Nf4 16. Bxf4 exf4 17. Qd2 Bxf5 18. exf5 d5 19. Ne5 Nh5 20. Qe2 Nf6 21. Qf3 Bb8 22. Qxf4 Nd7 23. Qh4 Nxe5 24. dxe5 f6 25. f4 Qb6+ 26. Kh1 Qxb2 27. exf6 Qxc2 28. fxg7 Kxg7 29. Re7+ Rf7 30. f6+ Kg6 31. Qg4+ Kxf6 32. Re6# 1-0


[Site "https://www.chess.com"]

[Event "Titled Tuesday Blitz March 22 Late 2022"]
[White "Elissalt Cardenas, Hector"]
[Black "Wieczorek, Oskar"]
[WhiteFideId "3500632"]
[BlackFideId "1133950"]
[WhiteElo "2159"]
[BlackElo "2319"]
[Result "0-1"]
[Round "03"]
[TimeControl "180+1"]
[Date "2022.03.22"]
[WhiteClock "0:00:34"]
[BlackClock "0:00:56"]

1. d4 Nf6 2. Nf3 c5 3. d5 g6 4. Nc3 d6 5. h3 Bg7 6. e4 O-O 7. Be2 b5 8. Nxb5 Nxe4 9. O-O Bb7 10. Re1 Nd7 11. Ng5 Nef6 12. c4 a6 13. Nc3 h6 14. Nf3 Rb8 15. Qc2 Bc8 16. Bd2 Nb6 17. b3 Bf5 18. Bd3 Bxd3 19. Qxd3 a5 20. a4 Ne8 21. Rab1 Nc7 22. Nb5 Na6 23. Bxa5 Qd7 24. Bxb6 Rxb6 25. Re2 Nb4 26. Qd2 Rbb8 27. Rbe1 Rbe8 28. Qc1 Nd3 29. Qd2 Nxe1 30. Rxe1 Rd8 31. Rd1 Rfe8 32. Nh2 e5 33. dxe6 Rxe6 34. Ng4 h5 35. Ne3 Bh6 36. Qd3 Bxe3 37. fxe3 Rde8 38. Nxd6 Rd8 0-1


[Site "https://www.chess.com"]

[Event "Titled Tuesday Blitz March 22 Late 2022"]
[White "Estrada Nieto, Julian"]
[Black "Mekhitarian, Krikor Sevag"]
[WhiteFideId "5101018"]
[BlackFideId "2107660"]
[WhiteElo "2504"]
[BlackElo "2711"]
[Result "1-0"]
[Round "03"]
[TimeControl "180+1"]
[Date "2022.03.22"]
[WhiteClock "0:00:42"]
[BlackClock "0:00:13"]

1. e4 c5 2. Nf3 e6 3. c3 Nf6 4. e5 Nd5 5. Bc4 Nb6 6. Bb3 d5 7. d4 Nc6 8. O-O Bd7 9. Re1 Rc8 10. Nbd2 Be7 11. Nf1 O-O 12. Ng3 cxd4 13. cxd4 f5 14. exf6 Bxf6 15. Nh5 Be7 16. a3 g6 17. Nf4 Rf6 18. Nd3 Rxf3 19. Qxf3 Nxd4 20. Qd1 Nxb3 21. Qxb3 Ba4 22. Qa2 Qd7 23. b3 Bb5 24. Ne5 Qc7 25. Ng4 Bd6 26. Qb2 h5 27. Rxe6 Be8 28. Nf6+ Kf7 29. Nxe8 Kxe6 30. Nxc7+ Rxc7 31. Qe2+ Kf7 32. Be3 Re7 33. Qf3+ 1-0


[Site "https://www.chess.com"]

[Event "Titled Tuesday Blitz March 22 Late 2022"]
[White "Ezat, Mohamed"]
[Black "Fajdetic, Hrvoje"]
[WhiteFideId "10600906"]
[BlackFideId "14501945"]
[WhiteElo "2386"]
[BlackElo "2172"]
[Result "1-0"]
[Round "03"]
[TimeControl "180+1"]
[Date "2022.03.22"]
[WhiteClock "0:00:54"]
[BlackClock "0:00:05"]

1. d4 e6 2. c4 f5 3. Nc3 Nf6 4. e3 Bb4 5. Bd3 b6 6. Ne2 Bb7 7. f3 c5 8. a3 Bxc3+ 9. bxc3 O-O 10. O-O d6 11. Qc2 Nbd7 12. a4 g6 13. e4 fxe4 14. fxe4 e5 15. Bh6 Rf7 16. h3 Kh8 17. a5 Qe7 18. axb6 axb6 19. Rxa8+ Bxa8 20. Qa4 Qe8 21. Ng3 Bb7 22. Qa7 Qa8 23. Ra1 Qb8 24. Bc2 Ng8 25. Bg5 h6 26. Qxb8 Nxb8 27. Bd8 Nd7 28. Ra7 Ndf6 29. Bxb6 h5 30. dxe5 dxe5 31. Bxc5 h4 32. Nf1 Kg7 33. Bd6 Nxe4 34. Bxe5+ Kh7 35. Rxb7 Rxb7 36. Bxe4 Rb2 37. Bf3 Ne7 38. c5 Nf5 39. c6 Ne7 40. c7 Rc2 41. Ne3 Rc1+ 42. Kh2 Kh6 43. Nd5 Nc8 44. Bf4+ g5 45. Bxc1 1-0


[Site "https://www.chess.com"]

[Event "Titled Tuesday Blitz March 22 Late 2022"]
[White "Fernandez Siles, Luis"]
[Black "Ibarra Jerez, Jose Carlos"]
[WhiteFideId "2209420"]
[BlackFideId "2226332"]
[WhiteElo "2212"]
[BlackElo "2626"]
[Result "0-1"]
[Round "03"]
[TimeControl "180+1"]
[Date "2022.03.22"]
[WhiteClock "0:00:01"]
[BlackClock "0:00:03"]

1. d4 Nf6 2. c4 d6 3. Nf3 g6 4. g3 Bf5 5. Bg2 Bg7 6. O-O O-O 7. b3 e5 8. dxe5 dxe5 9. Bb2 e4 10. Nd4 Ng4 11. h3 c5 12. hxg4 Bxg4 13. Bxe4 Qe7 14. Bf3 Bh3 15. Re1 Rd8 16. e3 cxd4 17. exd4 Qd7 18. Na3 Nc6 19. Nc2 Bf5 20. Be4 Bg4 21. Bf3 Bf5 22. Be4 Bh3 23. Rb1 h5 24. d5 Ne5 25. Ne3 Re8 26. Bg2 Rad8 27. f4 Bxg2 28. Kxg2 Ng4 29. Nxg4 hxg4 30. Bxg7 Kxg7 31. Qd4+ f6 32. Rbd1 Qf5 33. d6 Rxe1 34. Rxe1 Qc2+ 35. Kg1 Qxa2 36. Re7+ Kh6 0-1


[Site "https://www.chess.com"]

[Event "Titled Tuesday Blitz March 22 Late 2022"]
[White "Fiol, Fabrice"]
[Black "Djokic, Mihailo"]
[WhiteFideId "611670"]
[BlackFideId "976440"]
[WhiteElo "2439"]
[BlackElo "2093"]
[Result "1/2-1/2"]
[Round "03"]
[TimeControl "180+1"]
[Date "2022.03.22"]
[WhiteClock "0:00:09"]
[BlackClock "0:00:07"]

1. e4 c5 2. Nf3 d6 3. Bb5+ Bd7 4. Bxd7+ Qxd7 5. O-O Nc6 6. Qe2 Nf6 7. c3 e6 8. d4 cxd4 9. cxd4 d5 10. e5 Ne4 11. Nbd2 Nxd2 12. Bxd2 Bb4 13. a3 Bxd2 14. Qxd2 O-O 15. Rac1 h6 16. h4 Rfc8 17. h5 Ne7 18. g4 Rc6 19. Rxc6 Qxc6 20. Rc1 Qd7 21. g5 hxg5 22. Qxg5 Nf5 23. Kh1 Rc8 24. Rg1 Rc2 25. h6 g6 26. Rg2 Rxb2 27. h7+ Kxh7 28. Rh2+ Kg8 29. Qf6 Ng7 30. Ng5 Qc7 31. Nxf7 Qxf7 32. Rh8+ Kxh8 33. Qxf7 Kh7 34. Kg2 a5 35. Qc7 a4 36. Qa5 b5 37. Qc7 Rb3 38. Qc5 Kh6 39. Qc1+ g5 40. Qc5 Kg6 41. Qc2+ Nf5 42. Qc6 Nxd4 43. Qe8+ Kf5 44. Qh8 Ke4 45. Qg7 Nf3 46. Qe7 Kxe5 47. Qc7+ Kd4 48. Qg7+ e5 49. Qa7+ Ke4 50. Qh7+ Kd4 51. Qa7+ Kc3 52. Kxf3 Rxa3 53. Qc5+ Kb2+ 54. Kg2 Rb3 55. Qxd5 a3 56. Qxe5+ Ka2 57. Qe2+ Rb2 58. Qe6+ Ka1 59. Qe1+ Ka2 60. Qe6+ Kb1 61. Qe1+ Kc2 62. Qe2+ Kb3 63. Qxb5+ Kc3 64. Qa5+ Kb3 65. Qd5+ Kb4 66. Qxg5 a2 67. Qf4+ Ka3 68. Qe3+ Rb3 69. Qa7+ Kb2 70. Qd4+ Rc3 71. Qb4+ Kc2 72. Qa4+ Kb1 73. Qb4+ Kc2 74. Qa4+ Kb2 75. Qb4+ Rb3 76. Qd2+ Ka3 77. Qa5+ Kb2 78. Qd2+ Kb1 79. Qd1+ Kb2 80. Qd2+ 1/2-1/2


[Site "https://www.chess.com"]

[Event "Titled Tuesday Blitz March 22 Late 2022"]
[White "Fishbein, Alexander"]
[Black "Bluebaum, Matthias"]
[WhiteFideId "2000377"]
[BlackFideId "24651516"]
[WhiteElo "2442"]
[BlackElo "2550"]
[Result "0-1"]
[Round "03"]
[TimeControl "180+1"]
[Date "2022.03.22"]
[WhiteClock "0:00:03"]
[BlackClock "0:00:21"]

1. e4 c6 2. d4 d5 3. Nc3 dxe4 4. Nxe4 Nf6 5. Qd3 g6 6. Nf3 Bg7 7. Nxf6+ exf6 8. Qe3+ Be6 9. Bc4 Qd6 10. O-O O-O 11. Bxe6 fxe6 12. Qb3 b6 13. Re1 Re8 14. Bd2 Nd7 15. c4 c5 16. Bc3 cxd4 17. Nxd4 Nc5 18. Qc2 e5 19. Nb5 Qc6 20. Rad1 Bf8 21. b4 Ne6 22. Qb3 a6 23. Na3 Kg7 24. Nc2 Rad8 25. Ne3 Nf4 26. Nd5 b5 27. cxb5 axb5 28. Nxf4 exf4 29. Rxd8 Rxd8 30. Re6 Qxe6 31. Qxe6 Rd1+ 32. Qe1 Rxe1+ 33. Bxe1 Kf7 34. f3 Ke6 35. Kf1 Kd5 36. Ke2 Kc4 37. Bd2 g5 38. a3 Kb3 39. Kd3 Kxa3 40. Bc3 f5 41. Bf6 h6 42. h4 gxh4 43. Be5 Kxb4 44. Bxf4 Kb3 45. Kd4 Bg7+ 46. Kd5 Kc3 47. Bd6 Bd4 48. Ke6 f4 49. Bxf4 b4 0-1


[Site "https://www.chess.com"]

[Event "Titled Tuesday Blitz March 22 Late 2022"]
[White "Gabrielian, Artur"]
[Black "Pinheiro, Iung Alicio de O."]
[WhiteFideId "4131002"]
[BlackFideId "2104350"]
[WhiteElo "2739"]
[BlackElo "2527"]
[Result "0-1"]
[Round "03"]
[TimeControl "180+1"]
[Date "2022.03.22"]
[WhiteClock "0:00:04"]
[BlackClock "0:00:18"]

1. e4 c5 2. Nc3 a6 3. g3 b5 4. Bg2 Bb7 5. f4 e6 6. Nh3 d5 7. f5 d4 8. fxe6 fxe6 9. Ne2 e5 10. O-O Be7 11. g4 g6 12. d3 Nf6 13. Ng3 Bc8 14. Nf2 O-O 15. Bh6 Rf7 16. g5 Ne8 17. h4 Nc6 18. a4 bxa4 19. Ng4 Be6 20. Rxf7 Bxf7 21. Qf3 Ra7 22. Rf1 Bd6 23. Bh3 c4 24. Nf6+ Nxf6 25. Qxf6 Qxf6 26. Rxf6 c3 27. bxc3 a3 28. Rxd6 a2 29. Rxc6 a1=Q+ 30. Kg2 Ra8 31. cxd4 Qxd4 32. h5 Qa4 33. Rc7 Qa5 34. Rc6 Qd2+ 35. Kf3 a5 0-1


[Site "https://www.chess.com"]

[Event "Titled Tuesday Blitz March 22 Late 2022"]
[White "Garic, Radomir"]
[Black "Hnydiuk, Aleksander"]
[WhiteFideId "920959"]
[BlackFideId "1109057"]
[WhiteElo "2227"]
[BlackElo "2374"]
[Result "0-1"]
[Round "03"]
[TimeControl "180+1"]
[Date "2022.03.22"]
[WhiteClock "0:00:03"]
[BlackClock "0:00:03"]

1. e4 Nf6 2. e5 Nd5 3. g3 d6 4. exd6 exd6 5. Bg2 Nf6 6. Nf3 Be7 7. O-O O-O 8. d4 Bg4 9. h3 Bh5 10. c4 c5 11. Nc3 Nc6 12. dxc5 dxc5 13. g4 Bg6 14. Be3 Bd3 15. Re1 Bxc4 16. Qa4 Be6 17. Ng5 Bd7 18. Rad1 Nd4 19. Qc4 h6 20. Nd5 Nxd5 21. Nxf7 Rxf7 22. Bxd5 Qf8 23. Bxd4 cxd4 24. Rxd4 Bc6 25. Bxc6 bxc6 26. Rd7 Bf6 27. Red1 c5 28. b3 Bd4 29. b4 g6 30. bxc5 Bxf2+ 31. Kg2 Bh4 32. Rf1 Rd8 33. Rdxf7 Rd2+ 34. R7f2+ Kg7 35. Rxd2 Qa8+ 36. Qd5 Qb8 37. Qd7+ Kh8 0-1


[Site "https://www.chess.com"]

[Event "Titled Tuesday Blitz March 22 Late 2022"]
[White "Godzwon, Iwo"]
[Black "Demchenko, Anton"]
[WhiteFideId "21802483"]
[BlackFideId "4160258"]
[WhiteElo "2549"]
[BlackElo "2826"]
[Result "0-1"]
[Round "03"]
[TimeControl "180+1"]
[Date "2022.03.22"]
[WhiteClock "0:00:04"]
[BlackClock "0:00:04"]

1. e4 e5 2. Nf3 Nc6 3. Bb5 a6 4. Ba4 d6 5. Bxc6+ bxc6 6. d4 f6 7. Nc3 Ne7 8. O-O Ng6 9. Be3 Be7 10. Qd2 O-O 11. h3 Qe8 12. d5 c5 13. a3 f5 14. exf5 Bxf5 15. Ng5 Nh4 16. f4 Bxg5 17. fxg5 Bg6 18. Rxf8+ Qxf8 19. Rf1 Qb8 20. b3 Nf5 21. Rf2 Nd4 22. Bxd4 cxd4 23. Na2 a5 24. Qe2 Qb7 25. Qc4 Bf7 26. Nc1 Bxd5 27. Qd3 c5 28. g6 Be4 29. gxh7+ Bxh7 30. Qc4+ Kh8 31. Qe6 Rd8 32. Nd3 a4 33. bxa4 e4 34. Nf4 e3 35. Rf3 Qe4 36. Qf7 e2 37. Nxe2 Qxe2 38. Rg3 Qe1+ 39. Kh2 Qe5 40. Qc7 Re8 41. a5 Be4 42. a6 Rf8 43. a7 Kh7 44. Qd7 Ra8 45. Qg4 Rxa7 46. Qh4+ Kg8 47. Qd8+ Kf7 48. Qh4 Re7 49. Qg4 Kg8 50. h4 Re8 51. Kg1 Qf6 52. h5 Bf5 53. Qf4 Re1+ 54. Kh2 Qe5 55. Qg5 Re3 0-1


[Site "https://www.chess.com"]

[Event "Titled Tuesday Blitz March 22 Late 2022"]
[White "Gokerkan, Cem Kaan"]
[Black "Kovanova, Baira"]
[WhiteFideId "6336760"]
[BlackFideId "4164083"]
[WhiteElo "2710"]
[BlackElo "2501"]
[Result "1-0"]
[Round "03"]
[TimeControl "180+1"]
[Date "2022.03.22"]
[WhiteClock "0:00:26"]
[BlackClock "0:00:09"]

1. c4 e5 2. d3 Nc6 3. Nf3 g6 4. Nc3 d6 5. Rb1 Bg7 6. b4 Be6 7. b5 Nce7 8. g3 h6 9. Bg2 Qd7 10. O-O Nf6 11. a4 O-O 12. e4 Nh5 13. Nd5 f5 14. Nh4 Nxd5 15. cxd5 Bf7 16. exf5 gxf5 17. Bh3 Be8 18. d4 e4 19. Re1 Qf7 20. Nxf5 Bd7 21. Ne7+ Kh8 22. Bxd7 Qxe7 23. Qxh5 Qxd7 24. Bxh6 Qf5 25. Bxg7+ Kxg7 26. Qxf5 Rxf5 27. Rxe4 Raf8 28. f4 Rxd5 29. Rc1 Rf7 30. Kg2 a6 31. bxa6 bxa6 32. h4 Ra5 33. Rc4 d5 34. Re5 Kf6 35. Rc6+ Kg7 36. h5 Rxa4 37. Rxd5 Re7 38. Re5 Rd7 39. d5 Rd4 40. Kf3 R4xd5 41. Rxd5 Rxd5 42. Rxc7+ Kh6 43. Rc6+ Kxh5 44. g4+ Kh4 45. Rh6+ 1-0


[Site "https://www.chess.com"]

[Event "Titled Tuesday Blitz March 22 Late 2022"]
[White "Goltsev, Dmitry"]
[Black "Mikhalsky, Vladimir"]
[WhiteFideId "24176710"]
[BlackFideId "14144352"]
[WhiteElo "2273"]
[BlackElo "2301"]
[Result "1/2-1/2"]
[Round "03"]
[TimeControl "180+1"]
[Date "2022.03.22"]
[WhiteClock "0:01:49"]
[BlackClock "0:00:15"]

1. e4 g6 2. Nf3 Bg7 3. Nc3 d6 4. d4 a6 5. h3 Nd7 6. a3 b5 7. Bd3 c5 8. Be3 Bb7 9. O-O Ngf6 10. dxc5 Nxc5 11. e5 Nfe4 12. Nxe4 Nxe4 13. exd6 Qxd6 14. c3 Rd8 15. Bc2 O-O 16. Qe2 Bd5 17. Rfd1 Qc6 18. Bd4 Nf6 19. Ne5 Qb7 20. f3 Nh5 21. Qe3 f6 22. Nd3 e5 23. Bc5 Rfe8 24. Nb4 Bc4 25. Be4 Qc8 26. Bb6 Rxd1+ 27. Rxd1 Nf4 28. Nc6 Bh6 29. Kh2 Kh8 30. Qc5 Ne6 31. Qd6 Bf8 32. Qd7 Qxd7 33. Rxd7 f5 34. Bc2 Nc5 35. Ra7 e4 36. fxe4 fxe4 37. b4 e3 38. Bd1 Ne4 39. Bd4+ Kg8 40. Ne5 e2 41. Bxe2 Bxe2 42. Rxa6 Bc4 43. Ra7 Bd6 44. g4 Bxe5+ 45. Bxe5 Rxe5 46. Kg2 Nxc3 47. Kf3 Na4 48. Kf4 Rd5 49. h4 h6 50. h5 gxh5 51. gxh5 Rxh5 52. Kg4 Rg5+ 53. Kf4 Rg7 54. Ra8+ Kh7 55. Kf5 Nc3 56. Rd8 Nd5 57. Ke6 Ne3+ 58. Ke5 Nc2 59. Rd2 Nxa3 60. Kd6 h5 61. Kc6 Rg6+ 62. Kc5 Kh6 63. Rh2 Kg5 64. Rg2+ Kh6 65. Rh2 Rg5+ 66. Kd4 Nb1 67. Ke3 Nc3 68. Kf4 Nd5+ 69. Ke4 Nxb4 70. Rf2 Nc6 71. Rf6+ Rg6 72. Rf8 h4 73. Kf5 Bd3+ 74. Kf4 Kh5 75. Rh8+ Rh6 76. Rg8 h3 77. Rg5+ Kh4 78. Rg4+ Kh5 79. Rg5+ Kh4 80. Rg4+ Kh5 81. Rg5+ 1/2-1/2


[Site "https://www.chess.com"]

[Event "Titled Tuesday Blitz March 22 Late 2022"]
[White "Grischuk, Alexander"]
[Black "Zhurbinsky, David"]
[WhiteFideId "4126025"]
[BlackFideId "2072904"]
[WhiteElo "2762"]
[BlackElo "2570"]
[Result "1-0"]
[Round "03"]
[TimeControl "180+1"]
[Date "2022.03.22"]
[WhiteClock "0:02:35"]
[BlackClock "0:01:56"]

1. e4 e5 2. Nf3 Nc6 3. Bb5 a6 4. Ba4 Nf6 5. O-O Be7 6. d3 b5 7. Bb3 O-O 8. a4 Bb7 9. Re1 d6 10. Nbd2 h6 11. Nf1 Re8 12. Bd2 Bf8 13. c4 bxc4 14. Bxc4 d5 15. exd5 Nxd5 16. Qb3 Rb8 17. Bxd5 Ba8 18. Bxf7+ Kh8 19. Qc4 Re7 20. Bc3 1-0


[Site "https://www.chess.com"]

[Event "Titled Tuesday Blitz March 22 Late 2022"]
[White "Hakobyan, Aram"]
[Black "Mikhailov, Viacheslav"]
[WhiteFideId "13306677"]
[BlackFideId "4187369"]
[WhiteElo "2557"]
[BlackElo "2381"]
[Result "1-0"]
[Round "03"]
[TimeControl "180+1"]
[Date "2022.03.22"]
[WhiteClock "0:00:09"]
[BlackClock "0:00:01"]

1. e4 d6 2. d4 Nf6 3. Nc3 g6 4. Nf3 Bg7 5. Be2 O-O 6. O-O Bg4 7. Be3 Nc6 8. d5 Bxf3 9. Bxf3 Ne5 10. Be2 c6 11. f4 Ned7 12. dxc6 bxc6 13. Qd2 Qa5 14. a3 Rfb8 15. b4 Qc7 16. Rab1 a5 17. g4 axb4 18. axb4 Nf8 19. g5 N6d7 20. Rb3 e6 21. f5 Be5 22. Bg4 exf5 23. exf5 d5 24. Qf2 Nb6 25. b5 Nc4 26. b6 Bxh2+ 27. Kh1 Qg3 28. fxg6 Qxf2 29. Bxf2 Be5 30. gxf7+ Kxf7 31. Bc5+ Kg8 32. b7 Ra5 33. Bxf8 Nd2 34. Bb4 Nxb3 35. cxb3 Ra7 36. Bc8 Raxb7 37. Bxb7 Rxb7 38. Ba5 Rxb3 39. Ne2 c5 40. Rf5 Re3 41. Ng1 c4 42. Nf3 c3 43. Rxe5 c2 44. Bd2 Rxf3 45. Re8+ Kf7 46. Rc8 Rf2 47. Rxc2 d4 48. Kg1 Re2 49. Kf1 d3 50. Rc7+ Kg6 51. Bf4 Ra2 52. Rd7 Kf5 53. Rd4 Kg4 54. Bd2+ Kf3 55. Rxd3+ Ke4 56. Re3+ Kf5 57. Ke2 Rb2 58. Rh3 Rb7 59. Rh6 Kg4 60. Be3 Rf7 61. Rf6 Rd7 62. Rf4+ Kh5 63. Re4 Kg6 64. Kf3 Rf7+ 65. Bf4 h5 66. Re6+ Kh7 67. Rh6+ Kg7 68. Rxh5 Kg6 69. Rh6+ Kf5 70. Rc6 Rf8 71. Rc5+ Kg6 72. Kg4 Re8 73. Rc6+ Kh7 74. Rf6 Kg7 75. Kf5 Rc8 76. Be5 Re8 77. Rh6+ 1-0


[Site "https://www.chess.com"]

[Event "Titled Tuesday Blitz March 22 Late 2022"]
[White "Halkias, Stelios"]
[Black "Vovk, Orest"]
[WhiteFideId "4201809"]
[BlackFideId "14113490"]
[WhiteElo "2453"]
[BlackElo "2203"]
[Result "1/2-1/2"]
[Round "03"]
[TimeControl "180+1"]
[Date "2022.03.22"]
[WhiteClock "0:00:23"]
[BlackClock "0:00:27"]

1. e4 Nf6 2. e5 Nd5 3. c4 Nb6 4. d4 d6 5. exd6 exd6 6. Nf3 Be7 7. Bd3 O-O 8. h3 Bf6 9. O-O Nc6 10. Be3 Re8 11. Nbd2 d5 12. c5 Nd7 13. a3 Nf8 14. Qc2 g6 15. b4 Ne6 16. Nb3 a6 17. Rfe1 Bd7 18. Rab1 Ng7 19. Qd2 Bf5 20. g4 Bxd3 21. Qxd3 Ne6 22. Nbd2 Ng5 23. Nxg5 Bxg5 24. Nf3 Bxe3 25. Rxe3 Rxe3 26. Qxe3 Qf6 27. Re1 h6 28. Kg2 Kg7 29. Kg3 Rd8 30. h4 Rd7 31. Ne5 Nxe5 32. Qxe5 Qxe5+ 33. Rxe5 Kf8 34. Kf4 c6 35. g5 hxg5+ 36. hxg5 Rd8 37. a4 Rb8 38. a5 Re8 39. Rxe8+ Kxe8 40. Ke5 Ke7 41. f3 Kd7 42. Kf6 Ke8 43. f4 Kf8 44. Ke5 Ke7 45. f5 gxf5 46. Kxf5 Ke8 47. Ke5 Ke7 48. Kf5 Ke8 49. Kf6 Kf8 50. Ke5 Ke7 51. Kf5 1/2-1/2


[Site "https://www.chess.com"]

[Event "Titled Tuesday Blitz March 22 Late 2022"]
[White "Hambleton, Aman"]
[Black "Matlakov, Maxim"]
[WhiteFideId "2606577"]
[BlackFideId "4168003"]
[WhiteElo "2552"]
[BlackElo "2669"]
[Result "0-1"]
[Round "03"]
[TimeControl "180+1"]
[Date "2022.03.22"]
[WhiteClock "0:00:01"]
[BlackClock "0:00:42"]

1. d4 Nf6 2. c4 e6 3. Nc3 Bb4 4. Qc2 b6 5. e4 c5 6. d5 Qe7 7. Be2 d6 8. Nf3 Bxc3+ 9. Qxc3 O-O 10. Bg5 Nbd7 11. Nd2 exd5 12. cxd5 h6 13. Bh4 Re8 14. O-O Nxe4 15. Bxe7 Nxc3 16. bxc3 Rxe7 17. Rfe1 Bb7 18. c4 Rae8 19. Kf1 g5 20. a4 a5 21. Rab1 Kg7 22. f3 Bc8 23. Kf2 Ne5 24. Nf1 f5 25. Ng3 Rb7 26. Rb2 Bd7 27. Reb1 Reb8 28. Ra1 Kf6 29. Nf1 Be8 30. Nd2 Bg6 31. g3 Re7 32. f4 Nd7 33. Rab1 Rbe8 34. Nf1 Re4 35. Bd3 Rd4 36. Rd2 gxf4 37. gxf4 Rxf4+ 38. Kg3 Rg4+ 39. Kf2 f4 40. Bxg6 Rxg6 41. Rd3 Ne5 42. Rc3 Ng4+ 43. Kf3 Kf5 44. h3 Ne5+ 45. Kf2 Reg8 46. Rxb6 Rg2+ 47. Ke1 Ke4 48. Rxd6 Nd3+ 49. Kd1 Kd4 50. Rb3 Rg1 51. Ke2 R8g2+ 0-1


[Site "https://www.chess.com"]

[Event "Titled Tuesday Blitz March 22 Late 2022"]
[White "Hartikainen, Jarmo"]
[Black "Avazkhonov, Alikhon"]
[WhiteFideId "503134"]
[BlackFideId "14208504"]
[WhiteElo "2104"]
[BlackElo "1739"]
[Result "0-1"]
[Round "03"]
[TimeControl "180+1"]
[Date "2022.03.22"]
[WhiteClock "0:00:01"]
[BlackClock "0:00:05"]

1. e4 c5 2. Nf3 d6 3. d4 cxd4 4. Nxd4 Nf6 5. Nc3 a6 6. Bg5 e6 7. f4 h6 8. Bh4 Be7 9. Qf3 Nbd7 10. O-O-O Qc7 11. Bf2 Rb8 12. Bd3 b5 13. Rhg1 Bb7 14. g4 g5 15. h4 gxf4 16. Qxf4 e5 17. Qf5 exd4 18. Bxd4 Ne5 19. g5 hxg5 20. hxg5 Bc8 21. Qf2 Nfg4 22. Qe2 Bxg5+ 23. Kb1 Rh2 24. Rg2 Rxg2 25. Qxg2 Be6 26. Be2 Qe7 27. Rg1 Be3 28. Bxe3 Nxe3 29. Qg8+ Qf8 30. Nd5 Nxd5 31. exd5 Bxd5 32. Bh5 Be6 33. Qh7 Kd7 34. Qe4 Qh8 35. Be2 Qc8 36. b3 Qc5 37. Rf1 Rc8 38. Bd3 Nxd3 39. Qxd3 Qe5 40. Rg1 Rc3 41. Qd2 Qe3 42. Rd1 Qxd2 43. Rxd2 b4 44. Kb2 a5 45. a3 Kc6 46. axb4 axb4 47. Rd4 Kc5 48. Rh4 d5 49. Rh5 Kd4 50. Rh4+ Kc5 51. Rh5 Rf3 52. Rh4 Bf5 53. Rh2 Be4 54. Rd2 f5 55. Kc1 d4 56. Kb2 d3 57. Kc1 dxc2 0-1


[Site "https://www.chess.com"]